 Dungeon Crawl Stone Soup version 0.30-a0-965-g42e074c17a (webtiles) character file.

Game seed: 12436218150870278462

595 MachoJfn the Magician (level 7, 0/36 HPs)
             Began as a Deep Elf Air Elementalist on Mar 30, 2023.
             Was an Elder of Elyvilon.
             Slain by an ogre
             ... wielding a +0 giant club
              (25 damage)
             ... on level 5 of the Dungeon.
             The game lasted 00:15:24 (5000 turns).

MachoJfn the Magician (Deep Elf Air Elementalist)   Turns: 5000, Time: 00:15:28

Health: 0/36       AC:  2    Str:  5    XL:     7   Next: 17%
Magic:  15/18      EV: 13    Int: 22    God:    Elyvilon [****..]
Gold:   166        SH:  0    Dex: 15    Spells: 17/18 levels left

rFire   . . .      SeeInvis .    j - +3 dagger
rCold   . . .      Faith    .    (no shield)
rNeg    . . .      Spirit   .    a - +0 robe
rPois   .          Reflect  .    (no helmet)
rElec   .          Rampage  .    g - scarf {+Inv}
rCorr   .                        (no gloves)
Will    .....                    (no boots)
Stlth   ++                       (no amulet)
HPRegen 0.26/turn                (no ring)
MPRegen 0.16/turn                (no ring)

@: no status effects
A: no striking features
a: Renounce Religion, Evoke Invisibility, Purification, Heal Other, Heal Self


You were on level 5 of the Dungeon.
You worshipped Elyvilon.
Elyvilon was greatly pleased with you.
You visited 1 branch of the dungeon, and saw 5 of its levels.

You collected 166 gold pieces.

Inventory:

Hand Weapons
 j - a +3 dagger (weapon)
 s - a +0 triple sword
Missiles
 f - 11 poisoned darts (quivered)
 h - 50 stones
 r - 5 boomerangs
Armour
 a - a +0 robe (worn)
 g - a scarf of invisibility (worn)
 p - an orb of energy
Scrolls
 c - 3 scrolls of amnesia
 d - a scroll of teleportation
 k - 3 scrolls of identify
 n - a scroll of silence
 o - a scroll of magic mapping {unknown}
Potions
 b - a potion of magic
 e - a potion of ambrosia
 i - 3 potions of curing
 l - 3 potions of brilliance
 m - a potion of lignification {unknown}
 q - 2 potions of attraction
 t - a potion of heal wounds


   Skills:
 + Level 2.7 Dodging
 + Level 3.1 Stealth
 + Level 6.4 Spellcasting
 + Level 4.5 Conjurations
 + Level 5.3 Air Magic


You had 17 spell levels left.
You knew the following spells:

 Your Spells              Type           Power      Damage    Failure   Level
a - Shock                 Conj/Air       100%       1d9       1%          1

Your spell library contained the following spells:

 Spells                   Type           Power      Damage    Failure   Level
 Static Discharge         Conj/Air       56%        2-5/arc   1%          2
 Swiftness                Air            30%        N/A       3%          3
 Momentum Strike          Conj/Tloc      34%        3d8       5%          2
 Beastly Appendage        Tmut           14%        N/A       9%          1
 Airstrike                Air            15%        2d(3-19)  10%         4
 Blink                    Tloc           14%        N/A       13%         2
 Lesser Beckoning         Tloc           14%        N/A       13%         2
 Wereblood                Tmut           7%         N/A       13%         2
 Spider Form              Tmut/Pois      7%         N/A       26%         3
 Iskenderun's Battlesphe  Conj           27%        2d8       36%         5
 Iron Shot                Conj/Erth      8%         9d3       99%         6
 Spellforged Servitor     Conj/Summ      8%         N/A       100%        7


Dungeon Overview and Level Annotations

Branches:
Dungeon (5/15)
 Temple: D:4-7

Altars:
Elyvilon
Xom

Annotations:
D:5 3 runed translucent doors, dredge's ghost, novice HuBe


Message History

That beam is likely to hit you.
Continue anyway?
Okay, then.
Casting: Shock (safe; 1% risk of failure)
Confirm with . or Enter, or press ? or * to list all spells.
Aiming: Shock (safe; 1% risk of failure)
Press: ? - help, Shift-Dir - straight line, f/p - ogre
Aim: an ogre, wielding a +0 giant club (88% to hit)
That beam is likely to hit you.
Continue anyway?
The zap hits the ogre!
The ogre is moderately wounded.
The zap hits the ogre!
The ogre is heavily wounded.
The zap hits you.
The ogre hits you with a +0 giant club!!!
Elyvilon protects you from harm!
Casting: Shock (safe; 1% risk of failure)
Confirm with . or Enter, or press ? or * to list all spells.
Aiming: Shock (safe; 1% risk of failure)
Press: ? - help, Shift-Dir - straight line, f/p - ogre
Aim: an ogre, wielding a +0 giant club (heavily wounded, 88% to hit)
That beam is likely to hit you.
Continue anyway?
The zap hits the ogre.
The ogre is severely wounded.
The zap hits the ogre.
The ogre is severely wounded.
The zap hits you!
Casting: Shock (safe; 1% risk of failure)
Confirm with . or Enter, or press ? or * to list all spells.
Aiming: Shock (safe; 1% risk of failure)
Press: ? - help, Shift-Dir - straight line, f/p - ogre
Aim: an ogre, wielding a +0 giant club (severely wounded, 88% to hit)
That beam is likely to hit you.
Continue anyway?
The zap hits the ogre!
The ogre is almost dead.
The zap hits the ogre.
The ogre is almost dead.
The zap hits you.
The ogre hits you with a +0 giant club!!
Ouch! That really hurt!
You die...

############### ##
............... .#
######..###### .######
#..#########.......
######...........<..#
....##...#######O#.#.#
###.##...# #@# ..
#.##...# #.#
.###########
#.##...### ##.
##........# #........#
## #.######.#
####...#.# #######.#
#.# #[...#.# #.......#
#.#
#..#.#.######.#######
#.# #..#.#........#
#.# #..#.##########
#.#


You could see an ogre.

Vanquished Creatures
  A black bear (D:5)
  An ogre (D:4)
  2 phantoms (D:5)
  A howler monkey (D:4)
  2 hounds (D:4)
  6 adders
  2 white imps (D:5)
  An ufetubus (D:4)
  2 worms (D:3)
  4 dart slugs
  4 orcs
  5 ball pythons
  9 endoplasms
  2 giant cockroaches
  13 goblins
  4 hobgoblins
  6 quokkas
  8 bats
  2 frilled lizards
  7 kobolds
  3 rats
85 creatures vanquished.

Notes
Turn   | Place    | Note
-------+----------+-------------------------------------------
     0 | D:1      | MachoJfn the Deep Elf Air Elementalist began the quest for
                  | the Orb.
     0 | D:1      | Reached XP level 1. HP: 10/10 MP: 6/6
   334 | D:1      | Reached XP level 2. HP: 15/15 MP: 4/8
   436 | D:1      | Found a faded altar of an unknown god.
   447 | D:1      | Prayed at the altar of an unknown god.
   447 | D:1      | Became a worshipper of Elyvilon the Healer
   447 | D:1      | Reached * piety under Elyvilon
  1261 | D:2      | Reached XP level 3. HP: 19/19 MP: 6/9
  1326 | D:2      | Reached ** piety under Elyvilon
  2124 | D:2      | Reached XP level 4. HP: 24/24 MP: 6/11
  2294 | D:2      | Found a shimmering altar of Xom.
  2835 | D:3      | Reached *** piety under Elyvilon
  2912 | D:3      | Reached skill level 4 in Spellcasting
  3520 | D:4      | Reached XP level 5. HP: 28/28 MP: 8/13
  3609 | D:4      | Reached skill level 5 in Spellcasting
  3696 | D:4      | Noticed an ogre
  3702 | D:4      | Killed an ogre
  3703 | D:4      | Reached XP level 6. HP: 32/32 MP: 9/16
  3798 | D:4      | Found a shimmering altar of Xom.
  4329 | D:4      | Reached **** piety under Elyvilon
  4402 | D:5      | Entered Level 5 of the Dungeon
  4621 | D:5      | Reached skill level 6 in Spellcasting
  4621 | D:5      | Reached skill level 5 in Air Magic
  4716 | D:5      | Reached XP level 7. HP: 36/36 MP: 13/18
  4833 | D:5      | Found a runed translucent gate.
  4834 | D:5      | Found a runed translucent gate.
  4834 | D:5      | Found a runed translucent gate.
  4835 | D:5      | Noticed dredge's ghost (novice HuBe)
  4998 | D:5      | Elyvilon protects you from harm!
  5000 | D:5      | Slain by an ogre

Illustrated notes

Levels and vault maps discovered:
D:1:      shiori_arrival_maze, layout_basic,
          shapermc_ecumenical_altar_starsandcircs
D:2:      layout_basic, basic_altar, serial_corexii_hall,
          corexii_hall_statues_x, corexii_hall_statues_x,
          chequers_hall_statues_corner_a, corexii_hall_statues_l,
          corexii_hall_statues_t, chequers_hall_statues_wall_a, st_stairs_8
D:3:      layout_basic, kennysheep_small_spiral
D:4:      layout_basic, old_standard_altar
D:5:      layout_loops_ring, ebering_ghost_rock_garden

Skill      XL: |  1  2  3  4  5  6 |
---------------+-------------------+-----
Conjurations   | 2 3 4 |  4.5
Air Magic      | 4 5 |  5.3
Spellcasting   | 4 5 6 |  6.4
Stealth        | 3 |  3.1
Dodging        | |  2.7

Action                     |  1- 3 |  4- 6 |  7- 9 || total
---------------------------+-------+-------+-------++-------
  Melee: Dagger            |       |     1 |       ||     1
   Cast: Shock             |    96 |   107 |    16 ||   219
    Use: Scroll            |     2 |     8 |       ||    10
         Potion            |     1 |     1 |       ||     2
 Armour: Robe              |     2 |     1 |     1 ||     4
  Dodge: Dodged            |     8 |     4 |     2 ||    14

Table legend: (Time is in decaauts)
 A = Elapsed time spent in this place.
 B = Non-inter-level travel time spent in this place.
 C = Inter-level travel time spent in this place.
 D = Time resting spent in this place.
 E = Time spent auto-exploring this place.
 F = Levels seen in this place.
 G = Mean time per level.
                   A        B        C        D        E       F      G
               +--------+--------+--------+--------+--------+-----+--------+
         Total |   4998 |   4685 |    313 |    495 |   3701 |   5 |  999.6 |
       Dungeon |   4998 |   4685 |    313 |    495 |   3701 |   5 |  999.6 |
               +--------+--------+--------+--------+--------+-----+--------+

Top non-repeatable levels by time:
     D:2: 1359 daAuts
     D:1: 1257 daAuts
     D:4: 896 daAuts
     D:3: 887 daAuts
     D:5: 597 daAuts
